 Dungeon Crawl Stone Soup version 0.19.5 (webtiles) character file.

27501 Peloso the Carver (level 13, -11/116 HPs)
             Began as a Minotaur Fighter on Apr 1, 2017.
             Was the Champion of Okawaru.
             Mangled by a death yak (16 damage)
             ... on level 3 of the Lair of Beasts.
             The game lasted 00:34:02 (13015 turns).

Peloso the Carver (Minotaur Fighter)               Turns: 13015, Time: 00:34:03

Health: -11/116    AC: 19    Str: 30    XL:     13   Next: 4%
Magic:  12/12      EV:  9    Int:  5    God:    Okawaru [******]
Gold:   739        SH: 14    Dex: 12    Spells: 0 memorised, 12 levels left

rFire  . . .     SeeInvis +     m - +8 scimitar (slice)
rCold  . . .     Gourm    .     t - +0 plate armour
rNeg   . . .     Faith    .     c - +0 shield
rPois  .         Spirit   .     (helmet restricted)
rElec  .         Reflect  .     (no cloak)
rCorr  .         Harm     .     H - +2 pair of gloves "Ylomnewo" {Str+3 Stlth+}
MR     .....                    (no boots)
Stlth  ..........               (no amulet)
                                M - +3 ring of strength
                                W - ring of see invisible

@: about to teleport
A: retaliatory headbutt, horns 2
a: Heroism, Finesse, Renounce Religion


You were on level 3 of the Lair of Beasts.
You worshipped Okawaru.
Okawaru was exalted by your worship.
You were hungry.

You visited 3 branches of the dungeon, and saw 15 of its levels.

You collected 895 gold pieces.
You spent 156 gold pieces at shops.

Inventory:

Hand Weapons
 m - a +8 scimitar of slicing (weapon)
 n - the +7 mace of Cataclysm {antimagic, rElec rC- Int+5 Dex-3}
   (You found it on level 3 of the Lair of Beasts)

   It reduces the magical energy of the wielder, and disrupts the spells and
   magical abilities of those hit.
   Natural abilities and divine invocations are not affected.
   It affects your intelligence (+5).
   It affects your dexterity (-3).
   It makes you vulnerable to cold.
   It insulates you from electricity.
 p - a +1 whip of flaming
Armour
 c - a +0 shield (worn)
 t - a +0 plate armour (worn)
 H - the +2 pair of gloves "Ylomnewo" (worn) {Str+3 Stlth+}
   (You found it on level 5 of the Dungeon)

   It affects your strength (+3).
   It makes you more stealthy.
Jewellery
 D - an uncursed ring of poison resistance
 I - an uncursed ring of ice
 J - an uncursed ring of resist corrosion
 L - an uncursed ring of protection from cold
 M - a +3 ring of strength (right hand)
 W - a ring of see invisible (left hand)
Wands
 x - a wand of acid (15/15)
Scrolls
 e - a scroll of magic mapping
 g - a scroll of enchant weapon
 i - 7 scrolls of teleportation
 o - a scroll of identify
 y - 4 scrolls of remove curse
 A - 2 scrolls of blinking
 N - a scroll of recharging
Potions
 b - 3 potions of flight
 d - 2 potions of might
 j - 3 potions of invisibility
 q - 2 potions of cancellation
 r - 3 potions of heal wounds
 C - 8 potions of curing
 F - 2 potions of agility
 G - 2 potions of resistance
 U - 3 potions of haste
Books
 k - a book of Ice

   Spells                             Type                      Level
   a - Ice Form                       Ice/Transmutation            4
   b - Metabolic Englaciation         Hexes/Ice                    5
   c - Ozocubu's Refrigeration        Ice                          6
   d - Bolt of Cold                   Conjuration/Ice              6
   e - Freezing Cloud                 Conjuration/Ice/Air          6
   f - Simulacrum                     Ice/Necromancy               6
Comestibles
 a - 3 chunks of flesh
 f - 15 bread rations
 h - 4 beef jerkies
 l - 9 fruits
 z - 5 meat rations
 K - a royal jelly
 Y - a slice of pizza


   Skills:
 + Level 11.3 Fighting
 + Level 14.6 Long Blades
 + Level 3.3 Maces & Flails
 + Level 12.6 Armour
 + Level 2.9 Dodging
 + Level 2.0 Stealth
 + Level 13.4 Shields
 + Level 0.4 Invocations


You had 12 spell levels left.
You didn't know any spells.

Dungeon Overview and Level Annotations

Branches:
Dungeon (11/15)            Temple (1/1) D:7            Lair (3/6) D:9
 Shoals (0/4) Lair:3          Orc (0/2) D:10
  Snake: Lair:2-4    Spider: Lair:2-4

Altars:
Ashenzari
Cheibriados
Dithmenos
Elyvilon
Fedhas
Gozag
Hepliaklqana
Kikubaaqudgha
Makhleb
Nemelex Xobeh
Okawaru
Qazlal
Ru
Sif Muna
Trog
Uskayaw
Vehumet
Xom
Yredelemnul
Zin
The Shining One

Shops:
D:4 *   D:6 }   D:7 !   D:8 =


Innate Abilities, Weirdness & Mutations

You reflexively headbutt those who attack you in melee.
You have a pair of horns on your head.


Message History

The death yak is severely wounded.
You are feeling hungry.
The death yak gores you. You block the death yak's attack.
The death yak gores you!
You hit the death yak. Your headbutt misses the death yak.
The death yak is severely wounded.
The death yak gores you. The death yak gores you!
You hit the death yak but do no damage. You headbutt the death yak.
The death yak is severely wounded.
You block the death yak's attack. x2
As you read the scroll of teleportation, it crumbles to dust.
You feel strangely unstable. You block the death yak's attack. x2
The death yak gores you!!
* * * LOW HITPOINT WARNING * * *
You slash the death yak!
The death yak is almost dead.
The death yak gores you!
* * * LOW HITPOINT WARNING * * *
The death yak gores you!
You die...

#P....P##############..⌠..####
##....###..#P##............#
#.............+..............
#.............#...⌠..⌠.>.⌠.+.
##............+............#
#............#.............#
#..........YY###.##...⌠..#.#
#........##YYY####......##.#
#........####@#........##
#........# #.Y...⌠..[##
#P........# #.........#....(#
#...(.....# #.......##.....P
##........# ###.....#......#
.........# ##.###.......## ###
##≈≈≈P...# #≈.≈≈P..###
#.≈†....##


You could see 6 death yaks.

Vanquished Creatures
  Erolcha (D:9)
  2 hydras
  4 death yaks
  The ghost of letownia the Cleaver, a novice FoFi of Gozag (D:10)
  3 hill giants
  Pikel (D:7)
  A cyclops (D:9)
  Joseph (D:9)
  2 black mambas
  A rime drake (Lair:2)
  17 spiny frogs
  4 komodo dragons
  A troll (D:9)
  5 blink frogs
  A hippogriff (Lair:3)
  Sigmund (D:2)
  A shadow (D:11)
  2 wyverns
  20 yaks
  A wraith (D:9)
  The ghost of schmilblick the Shield-Bearer, an amateur HuFi of Gozag (D:6)
  A hungry ghost (D:11)
  The ghost of test the Shooter, an amateur HEHu (D:5)
  3 water moccasins
  5 porcupines
  2 sky beasts
  2 black bears
  5 orc warriors
  2 ice beasts
  A phantom (D:7)
  3 ogres
  13 centaurs
  8 crocodiles
  2 big kobolds
  15 bullfrogs
  2 scorpions
  3 killer bees (D:7)
  4 wights
  A howler monkey (D:11)
  An electric eel (Lair:3)
  8 crimson imps
  4 jellies
  14 orc wizards
  10 orc priests
  3 bullfrog skeletons
  A gnoll shaman (D:9)
  7 hounds
  4 centaur skeletons
  Jessica (D:3)
  2 iguanas
  8 worker ants
  A killer bee zombie (D:6)
  2 hound zombies (D:9)
  A hound skeleton (D:6)
  A howler monkey skeleton (D:5)
  11 adders
  3 gnolls (D:9)
  3 shadow imps
  An adder skeleton (D:9)
  2 worms
  2 dart slugs
  7 leopard geckos
  31 orcs
  2 ball pythons
  9 giant cockroaches
  14 goblins
  5 hobgoblins
  9 jackals
  19 kobolds
  2 quokkas
  9 bats
  8 frilled lizards
  A jackal skeleton (D:5)
  8 rats
  A fungus (Lair:2)
359 creatures vanquished.

Vanquished Creatures (others)
  9 plants (Lair:3)
9 creatures vanquished.

Grand Total: 368 creatures vanquished

Notes
Turn   | Place    | Note
-------+----------+-------------------------------------------
     0 | D:1      | Peloso the Minotaur Fighter began the quest for the Orb.
     0 | D:1      | Reached XP level 1. HP: 19/19 MP: 0/0
   123 | D:1      | Reached XP level 2. HP: 27/27 MP: 1/1
   427 | D:1      | Reached skill level 3 in Long Blades
   448 | D:1      | Reached XP level 3. HP: 32/33 MP: 2/2
   837 | D:2      | Noticed Sigmund
   849 | D:2      | Killed Sigmund
   849 | D:2      | Reached skill level 4 in Long Blades
   849 | D:2      | Reached skill level 1 in Dodging
   849 | D:2      | Reached XP level 4. HP: 14/41 MP: 3/3
   849 | D:2      | Reached XP level 5. HP: 16/47 MP: 4/4
  1349 | D:2      | Reached skill level 5 in Long Blades
  1580 | D:3      | Found a hazy altar of Hepliaklqana.
  1735 | D:3      | Noticed Jessica
  1740 | D:3      | Killed Jessica
  1740 | D:3      | Reached skill level 5 in Shields
  1740 | D:3      | Reached XP level 6. HP: 49/53 MP: 5/5
  2527 | D:4      | Reached skill level 5 in Fighting
  2620 | D:4      | Found Lumpakeu's Assorted Antiques.
  2768 | D:4      | Reached skill level 6 in Long Blades
  2768 | D:4      | Reached XP level 7. HP: 60/61 MP: 6/6
  2785 | D:5      | Entered Level 5 of the Dungeon
  2787 | D:5      | Noticed test's ghost (amateur HEHu)
  2807 | D:5      | Killed test's ghost
  2899 | D:5      | Reached skill level 5 in Armour
  2921 | D:5      | Got a pair of faintly humming gloves
  2932 | D:5      | Identified the +2 pair of gloves "Ylomnewo" {Str+3 Stlth+} (You found it on level 5 of the Dungeon)
  2966 | D:5      | Reached skill level 7 in Long Blades
  3369 | D:5      | Found a shadowy altar of Dithmenos.
  3369 | D:5      | Found a burning altar of Makhleb.
  3370 | D:5      | Found a shattered altar of Ashenzari.
  3443 | D:5      | Reached XP level 8. HP: 53/69 MP: 7/7
  3793 | D:6      | Reached skill level 8 in Long Blades
  3875 | D:6      | Found Osucrog's Gadget Boutique.
  4029 | D:6      | Found a sacrificial altar of Ru.
  4084 | D:6      | Noticed schmilblick's ghost (amateur HuFi)
  4093 | D:6      | Killed schmilblick's ghost
  4093 | D:6      | Reached skill level 9 in Long Blades
  4357 | D:6      | Reached XP level 9. HP: 77/78 MP: 8/8
  4400 | D:7      | Found a staircase to the Ecumenical Temple.
  4401 | D:7      | Found Zoqoante's Distillery.
  4408 | Temple   | Entered the Ecumenical Temple
  4741 | D:7      | Bought a potion of curing for 39 gold pieces
  4741 | D:7      | Bought a potion of heal wounds for 65 gold pieces
  4741 | D:7      | Bought a potion of might for 52 gold pieces
  4855 | D:7      | You fall through a shaft!
  4861 | D:8      | Found Rimn's Jewellery Boutique.
  4870 | D:8      | Noticed a hill giant
  4879 | D:8      | Killed a hill giant
  4879 | D:8      | Reached skill level 10 in Long Blades
  5223 | D:7      | Noticed Pikel
  5247 | D:7      | Killed Pikel
  5356 | D:7      | Reached XP level 10. HP: 88/88 MP: 9/9
  5391 | D:7      | Reached skill level 11 in Long Blades
  5897 | D:8      | Found a faded altar of an unknown god.
  5897 | D:8      | Found an iron altar of Okawaru.
  5903 | D:8      | Found a faded altar of an unknown god.
  5905 | D:8      | Became a worshipper of Warmaster Okawaru
  5908 | D:8      | Found a faded altar of an unknown god.
  5910 | D:8      | Found a faded altar of an unknown god.
  5976 | D:9      | Noticed a death yak
  5992 | D:9      | Killed a death yak
  5992 | D:9      | Reached * piety under Okawaru
  6007 | D:9      | Found a staircase to the Lair.
  6157 | D:9      | Noticed Joseph
  6164 | D:9      | Reached skill level 10 in Shields
  6182 | D:9      | Killed Joseph
  6182 | D:9      | Reached skill level 1 in Stealth
  6269 | D:9      | Noticed Erolcha
  6271 | D:9      | Reached skill level 12 in Long Blades
  6282 | D:9      | HP: 2/89 [Erolcha/bolt of cold (11)]
  6607 | D:9      | Noticed a spiny frog
  6624 | D:9      | Killed a spiny frog
  6624 | D:9      | Reached ** piety under Okawaru
  6982 | D:9      | Noticed a cyclops
  7003 | D:9      | Killed a cyclops
  7204 | D:9      | Killed Erolcha
  7204 | D:9      | Reached *** piety under Okawaru
  7204 | D:9      | Reached XP level 11. HP: 95/95 MP: 10/10
  7312 | D:9      | Reached skill level 10 in Armour
  7396 | D:9      | Found a bloodstained altar of Trog.
  7511 | D:10     | Entered Level 10 of the Dungeon
  7561 | D:10     | Noticed letownia's ghost (novice FoFi)
  7595 | D:10     | HP: 3/95 [letownia's ghost (12)]
  7599 | D:10     | Killed letownia's ghost
  7599 | D:10     | Reached **** piety under Okawaru
  7850 | D:10     | Noticed a hill giant
  7860 | D:10     | Killed a hill giant
  7927 | D:10     | Reached skill level 13 in Long Blades
  8104 | D:10     | Noticed a hill giant
  8113 | D:10     | Killed a hill giant
  8283 | D:10     | Reached ***** piety under Okawaru
  8290 | D:10     | Found a staircase to the Orcish Mines.
  9017 | D:11     | Received a gift from Okawaru
  9799 | Lair:1   | Entered Level 1 of the Lair of Beasts
  9851 | D:9      | Reached skill level 10 in Fighting
  9851 | D:9      | Reached skill level 14 in Long Blades
 10125 | Lair:1   | Reached XP level 12. HP: 103/106 MP: 11/11
 10773 | Lair:1   | You fall through a shaft!
 11125 | Lair:2   | Noticed a seven-headed hydra
 11141 | Lair:2   | Killed a seven-headed hydra
 11141 | Lair:2   | Received a gift from Okawaru
 11141 | Lair:2   | Reached skill level 1 in Maces & Flails
 11604 | Lair:2   | Noticed a death yak
 11605 | Lair:2   | Noticed a death yak
 11607 | Lair:2   | Noticed a death yak
 11616 | Lair:2   | Killed a death yak
 11622 | Lair:2   | Killed a death yak
 11628 | Lair:2   | Killed a death yak
 12334 | Lair:3   | Noticed an eight-headed hydra
 12350 | Lair:2   | Reached ****** piety under Okawaru
 12449 | Lair:3   | Killed an eight-headed hydra
 12461 | Lair:3   | Received a gift from Okawaru
 12793 | Lair:3   | Reached XP level 13. HP: 98/116 MP: 12/12
 12847 | Lair:3   | Got a scorched mace
 12848 | Lair:3   | Identified the +7 mace of Cataclysm {antimagic, rElec rC- Int+5 Dex-3} (You found it on level 3 of the Lair of Beasts)
 12888 | Lair:3   | Found a staircase to the Shoals.
 13015 | Lair:3   | HP: 5/116 [death yak (15)]
 13015 | Lair:3   | Mangled by a death yak

Skill      XL: |  1  2  3  4  5  6  7  8  9 10 11 12 |
---------------+-------------------------------------+-----
Shields        | 4 5 6 7 8 9 10 11 13 | 13.4
Fighting       | 4 5 6 7 8 10 11 | 11.3
Long Blades    | 3 4 5 6 7 9 10 12 14 | 14.6
Armour         | 4 5 6 8 9 10 12 | 12.6
Dodging        | 1 2 |  2.9
Stealth        | 1 2 |  2.0
Maces & Flails | 3 |  3.3
Invocations    | |  0.4

Action                   |  1- 3 |  4- 6 |  7- 9 | 10-12 | 13-15 || total
-------------------------+-------+-------+-------+-------+-------++-------
Melee: Long sword        |    84 |   134 |   323 |   455 |       ||   996
       Headbutt          |     6 |    27 |    84 |   218 |    11 ||   346
       Scimitar          |       |       |       |   253 |    29 ||   282
       Whip              |       |       |       |    14 |       ||    14
Invok: Heroism           |       |       |       |     4 |       ||     4
  Use: Potion            |     1 |       |       |     3 |       ||     4
       Scroll            |       |       |     9 |    17 |     1 ||    27
 Stab: Paralysed         |       |       |     1 |       |       ||     1
  Eat: Chunk             |       |    19 |     5 |    18 |       ||    42
       Pizza             |       |       |       |     2 |       ||     2
       Fruit             |       |       |       |     2 |       ||     2
Armor: Scale mail        |     8 |       |       |       |       ||     8
       Chain mail        |    50 |     9 |       |       |       ||    59
       Plate armour      |       |    52 |   143 |   239 |    10 ||   444
Dodge: Dodged            |    22 |    22 |    71 |   158 |    10 ||   283
Block: Shield            |    40 |    97 |   174 |   400 |    27 ||   738
       Rpst.: Long sword |     3 |     6 |    29 |    29 |       ||    67
       Scimitar          |       |       |       |    17 |     2 ||    19
